 Dungeon Crawl Stone Soup version 0.20.1-1-g8b1a95d (webtiles) character file.

39975 moscheto the Protected (level 13, -9/104 HPs)
             Began as a Demonspawn Berserker on Dec 30, 2017.
             Was a High Priest of Trog.
             Mangled by a wolf spider (10 damage)
             ... on level 2 of the Spider Nest.
             The game lasted 01:00:34 (10437 turns).

moscheto the Protected (Demonspawn Berserker)      Turns: 10437, Time: 01:00:35

Health: -9/104     AC:  4    Str: 31    XL:     13   Next: 72%
Magic:  13/13      EV: 22    Int: 12    God:    Trog [*****.]
Gold:   917        SH:  2    Dex: 35    Spells: 12/12 levels left

rFire    . . .     SeeInvis .   a - +2 battleaxe of the Moon {venom, +Rage Str+7}
rCold    + . .     Gourm    .   (shield currently unavailable)
rNeg     + . .     Faith    .   Q - +2 chain mail {rF+}
rPois    +         Spirit   .   (helmet unavailable)
rElec    .         Reflect  +   E - +1 cloak
rCorr    .         Harm     .   J - +2 pair of gloves of Creativity {rF- MR++ Int-5 Dex+9}
MR       ++++.                  (no boots)
Stlth    +.........             s - +2 amulet of reflection
Regen    1.3/turn               B - ring "Muep" {*Corrode rPois rF+ rN+}
MPRegen  0.2/turn               C - ring of Lesser Demons {Ice Int+4 Dex+8}

@: mighty, lethally poisoned (-9 -> -9), corroded, berserk cooldown,
regenerating, hasted, very quick
A: horns 3, thin skeletal structure 2, clever 1, foul stench 1, powered by pain
1, rot immunity, MP-powered wands
a: Berserk, Trog's Hand, Brothers in Arms, Burn Spellbooks, Renounce Religion,
Evoke Berserk Rage


You were on level 2 of the Spider Nest.
You worshipped Trog.
Trog was extremely pleased with you.
You were very full.

You visited 3 branches of the dungeon, and saw 13 of its levels.
You also visited: Ossuary.

You collected 1119 gold pieces.
You spent 202 gold pieces at shops.

Inventory:

Hand Weapons
 a - the +2 battleaxe of the Moon (weapon) {venom, +Rage Str+7}
   (Trog gifted it to you on level 9 of the Dungeon)

   It poisons the flesh of those it strikes.
   It affects your strength (+7).
   It lets you go berserk.
 v - the +1 war axe of Incongruity {chop, Dex+2}
   (You bought it in a shop on level 4 of the Dungeon)

   It inflicts extra damage upon your enemies.
   It affects your dexterity (+2).
 F - a +2 war axe of venom
 K - the +6 quarterstaff "Kegoz" {drain, Dex+2}
   (Trog gifted it to you on level 2 of the Lair of Beasts)

   A truly terrible weapon, it drains the life of those it strikes.
   It affects your dexterity (+2).
 R - a +3 demon trident of freezing
Armour
 E - a +1 cloak (worn)
 J - the +2 pair of gloves of Creativity (worn) {rF- MR++ Int-5 Dex+9}
   (You acquired it on level 8 of the Dungeon)

   It affects your intelligence (-5).
   It affects your dexterity (+9).
   It makes you vulnerable to fire.
   It affects your resistance to hostile enchantments.
 Q - a +2 chain mail of fire resistance (worn)
Jewellery
 s - a +2 amulet of reflection (around neck)
 x - an uncursed ring of protection from fire
 y - an uncursed ring of protection from fire
 B - the ring "Muep" (left hand) {*Corrode rPois rF+ rN+}
   (You acquired it on level 5 of the Dungeon)

   [ring of positive energy]

   It protects you from fire.
   It protects you from poison.
   It protects you from negative energy.
   It may corrode you when you take damage.
 C - the ring of Lesser Demons (right hand) {Ice Int+4 Dex+8}
   (You found it on level 5 of the Dungeon)

   [ring of ice]

   It enhances your ice magic.
   It affects your intelligence (+4).
   It affects your dexterity (+8).
   It makes you vulnerable to fire.
   It protects you from cold.
 L - an uncursed ring of ice
 M - an uncursed ring of poison resistance
 P - an uncursed ring of positive energy
Wands
 j - a wand of acid (5/15)
 w - a wand of random effects (28/48)
 G - a wand of iceblast (5/15)
 H - a wand of random effects (31/48)
 I - a wand of paralysis (12/24)
 N - a wand of acid (6/15)
 U - a wand of flame (25/48)
Scrolls
 b - 4 scrolls of amnesia
 e - 13 scrolls of remove curse
 f - 4 scrolls of magic mapping
 g - a scroll of random uselessness
 i - 4 scrolls of fear
 p - a scroll of identify
 t - a scroll of blinking
 z - 5 scrolls of teleportation
 D - 3 scrolls of enchant weapon
Potions
 h - 2 potions of might
 k - 6 potions of lignification
 l - 4 potions of cancellation
 m - a potion of resistance
 n - 3 potions of berserk rage
 o - 2 potions of curing
 q - a potion of brilliance
 u - a potion of haste
 A - a potion of invisibility
 O - a potion of magic
Miscellaneous
 S - a fan of gales
 V - a lamp of fire
Comestibles
 c - 2 bread rations
 d - 5 meat rations
 r - 24 fruits
 T - 5 royal jellies


   Skills:
 + Level 10.6 Fighting
 + Level 11.2 Axes
 + Level 12.3 Armour
 + Level 11.6 Dodging


You had 12 spell levels left.
You didn't know any spells.

Dungeon Overview and Level Annotations

Branches:
Dungeon (9/15)             Temple (0/1) D:5            Lair (2/6) D:9
 Spider (2/4) Lair:2
  Swamp: Lair:2-4    Shoals: Lair:2-4       Orc: D:9-12

Altars:
Ashenzari
Elyvilon

Shops:
D:4 (%}


Innate Abilities, Weirdness & Mutations

You have a pair of large horns on your head.
You have a moderately thin skeletal structure. (Dex +4, Stealth+)
You may emit foul miasma when damaged in melee.
You sometimes gain a little power by taking damage.
You are immune to rotting.
Your mind is acute. (Int +2)
You expend magic power (3 MP) to strengthen your wands.


Message History

The jumping spider hisses angrily.
A jumping spider comes into view.
The jumping spider hisses angrily.
The jumping spider leaps! x2; The jumping spider closely misses you.
The jumping spider bites you but does no damage.
The jumping spider leaps!
Found a stone staircase leading down.
A redback comes into view.
You feel yourself speed up.
You found a web!
You feel the effects of Trog's Hand fading.
You feel sick. The wolf spider hits you!!
* * * LOW HITPOINT WARNING * * *
You emit a cloud of foul miasma!
The wolf spider misses you.
The jumping spider completely misses you.
The jumping spider bites you but does no damage.
The jumping spider looks sick.
The jumping spider misses you. The jumping spider closely misses you.
The wolf spider is engulfed in dark miasma.
The wolf spider is poisoned.
The wolf spider hits you!
You die...

#.≈≈#≈≈##.....#...#.......†a.....
#≈#####......###. #.....^........
.###≈.......^..# #≈##.....##..†..
.†≈##...^...... ##........#a.#..
..≈....##....## ##...#..##.(...
.##.....#......###.##..#..###..##
.#......#......#.#..##.#.## #..##
.#)†....#......#.....##### #.##
.###)...##......@s...# #.. #
.#......#.>...#.s^##.# #.##.
###.....#... #≈.ss# #. #.
.......## .##...s # ......#..# ..
...s. ......#### ... #§.###
....... ### ... .#..... ≈≈.#
##.....#


You could see a wolf spider, an orb spider, 3 jumping spiders and a redback.

Vanquished Creatures
  Asterion (Spider:1)
  Gastronok (Lair:1)
  Kirke (Spider:2)
  A ghost moth (Spider:2)
  An emperor scorpion (Spider:1)
  An entropy weaver (Spider:2)
  2 two-headed ogres (D:8)
  A death yak (D:9)
  Urug (Lair:2)
  Sonja (Lair:2)
  3 orb spiders
  9 wolf spiders
  A black mamba (Lair:2)
  3 spiny frogs
  A komodo dragon (Lair:2)
  5 demonic crawlers
  15 jumping spiders
  3 hornets
  4 blink frogs (Lair:1)
  4 hippogriffs
  23 redbacks
  Sigmund (D:3)
  6 tarantellas
  Eustachio (D:6)
  14 yaks
  3 basilisks
  4 hogs (Spider:2)
  Edmund (D:4)
  11 soldier ants (Spider:2)
  4 water moccasins
  2 porcupines
  2 orc warriors
  3 sky beasts
  3 phantoms
  2 ogres
  35 wolves (Lair:1)
  5 crocodiles
  4 centaurs
  2 big kobolds
  An elf zombie (Ossuary)
  3 bullfrogs
  2 scorpions (D:5)
  11 killer bees
  2 electric eels (Spider:1)
  A howler monkey (D:6)
  5 crimson imps
  2 orc priests (D:7)
  A gnoll shaman (D:7)
  5 jellies
  4 orc wizards
  A bullfrog skeleton (D:8)
  A centaur skeleton (D:6)
  An iguana (D:5)
  6 worker ants
  2 big kobold zombies (Ossuary)
  3 mummies
  A worker ant zombie (D:8)
  Robin (D:3)
  8 adders
  7 gnolls (D:7)
  6 shadow imps
  10 oozes
  2 adder zombies
  2 adder skeletons
  2 worms (D:3)
  2 dart slugs
  2 leopard geckos
  25 orcs
  12 bats
  3 giant cockroaches
  20 goblins
  4 hobgoblins
  6 jackals
  3 quokkas
  2 ball pythons (D:4)
  7 frilled lizards
  A giant cockroach zombie (D:5)
  12 hobgoblin zombies (Ossuary)
  3 jackal zombies (Ossuary)
  27 kobolds
  10 kobold zombies (Ossuary)
  6 orc zombies (Ossuary)
  A quokka skeleton (D:9)
  15 rats
  A rat zombie (Ossuary)
  3 fungi
  A plant (Lair:2)
441 creatures vanquished.

Vanquished Creatures (others)
  3 humans (Spider:2)
  A redback (Spider:2)
  A bat (D:1)
  A fungus (Lair:1)
  10 toadstools (D:2)
16 creatures vanquished.

Grand Total: 457 creatures vanquished

Notes
Turn   | Place    | Note
-------+----------+-------------------------------------------
     0 | D:1      | moscheto the Demonspawn Berserker began the quest for the Orb.
     0 | D:1      | Reached XP level 1. HP: 18/18 MP: 1/1
    59 | D:1      | Reached skill level 2 in Armour
   185 | D:1      | Gained mutation: You have a pair of small horns on your head. [demonic ancestry]
   185 | D:1      | Reached XP level 2. HP: 21/24 MP: 2/2
   742 | D:1      | Gained mutation: You are clumsy. (Dex -2) [potion of mutation]
   742 | D:1      | Gained mutation: You expend magic power (3 MP) to strengthen your wands. [potion of mutation]
   742 | D:1      | Gained mutation: You have supernaturally acute eyesight. (SInv) [potion of mutation]
   742 | D:1      | Gained mutation: Your mind is acute. (Int +2) [potion of mutation]
  1135 | D:1      | Gained mutation: You are immune to rotting. [demonic ancestry]
  1135 | D:1      | Reached XP level 3. HP: 28/29 MP: 3/3
  1559 | D:2      | Reached ** piety under Trog
  1580 | D:2      | Found a faded altar of an unknown god.
  1605 | D:2      | Reached skill level 3 in Armour
  1939 | D:2      | Gained mutation: You sometimes gain a little power by taking damage. [demonic ancestry]
  1939 | D:2      | Reached XP level 4. HP: 35/35 MP: 4/4
  1943 | D:2      | Gained mutation: You have a pair of horns on your head. [demonic ancestry]
  1943 | D:2      | Reached XP level 5. HP: 41/41 MP: 5/5
  2234 | D:3      | Noticed Sigmund
  2259 | D:3      | Killed Sigmund
  2259 | D:3      | Reached skill level 4 in Armour
  2259 | D:3      | Reached XP level 6. HP: 33/47 MP: 6/6
  2447 | D:3      | Reached *** piety under Trog
  2553 | D:3      | Noticed Robin
  2567 | D:3      | Killed Robin
  2618 | D:3      | Reached skill level 5 in Dodging
  2811 | D:4      | Found Fuep's Weapon Shop.
  2823 | D:4      | Bought the cursed +1 war axe of Incongruity {chop, Dex+2} for 202 gold pieces
  2908 | D:4      | Noticed Edmund
  2923 | D:4      | Killed Edmund
  2923 | D:4      | Gained mutation: You have a pair of large horns on your head. [demonic ancestry]
  2923 | D:4      | Reached XP level 7. HP: 39/52 MP: 7/7
  2959 | D:4      | Got a bloodstained robe
  2970 | D:4      | Identified the cursed +1 robe of Foolhardiness {Str+3 Slay+2} (You found it on level 4 of the Dungeon)
  2986 | D:4      | Found Roep's Gadget Boutique.
  3347 | D:4      | Found Dueh's Food Boutique.
  3380 | D:5      | Entered Level 5 of the Dungeon
  3416 | D:5      | Lost mutation: Your mind is acute. (Int +2) [potion of mutation]
  3416 | D:5      | Lost mutation: You are clumsy. (Dex -2) [potion of mutation]
  3416 | D:5      | Lost mutation: You have supernaturally acute eyesight. (SInv) [potion of mutation]
  3416 | D:5      | Gained mutation: Your mind is acute. (Int +2) [potion of mutation]
  3487 | D:5      | Found a staircase to the Ecumenical Temple.
  3490 | D:5      | Identified a scroll of acquirement
  3491 | D:5      | Got a slimy silver ring
  3492 | D:5      | Identified the ring "Muep" {*Corrode rPois rF+ rN+} (You acquired it on level 5 of the Dungeon)
  3534 | D:5      | Reached **** piety under Trog
  3555 | D:5      | Got a crude wooden ring
  3568 | D:5      | Identified the ring of Lesser Demons {Ice Int+4 Dex+8} (You found it on level 5 of the Dungeon)
  3601 | D:5      | Reached XP level 8. HP: 56/58 MP: 8/8
  4686 | D:6      | Noticed Eustachio
  4694 | D:6      | Killed Eustachio
  4841 | D:7      | Reached skill level 10 in Dodging
  4866 | D:7      | Gained mutation: You may emit foul miasma when damaged in melee. [demonic ancestry]
  4866 | D:7      | Reached XP level 9. HP: 56/63 MP: 9/9
  5080 | D:7      | Found a sand-covered staircase.
  5103 | Ossuary  | Entered an ossuary
  5184 | Ossuary  | Reached ***** piety under Trog
  5776 | D:8      | Noticed a two-headed ogre
  5783 | D:8      | Killed a two-headed ogre
  5783 | D:8      | Reached skill level 5 in Axes
  5783 | D:8      | Reached skill level 6 in Armour
  5834 | D:8      | Got a pair of faintly humming gloves
  5835 | D:8      | Identified the +2 pair of gloves of Creativity {rF- MR++ Int-5 Dex+9} (You acquired it on level 8 of the Dungeon)
  6006 | D:8      | Found a white marble altar of Elyvilon.
  6024 | D:8      | Got a creamy pearl robe
  6035 | D:8      | Identified the cursed +0 robe of Winter {Dex+6} (You found it on level 8 of the Dungeon)
  6088 | D:8      | Noticed a two-headed ogre
  6095 | D:8      | Killed a two-headed ogre
  6095 | D:8      | Reached skill level 7 in Armour
  6095 | D:8      | Gained mutation: You have a somewhat thin skeletal structure. (Dex +2, Stealth) [demonic ancestry]
  6095 | D:8      | Reached XP level 10. HP: 41/70 MP: 10/10
  6426 | D:9      | Reached skill level 8 in Armour
  6510 | D:9      | Found a staircase to the Lair.
  6514 | D:9      | Noticed a death yak
  6524 | D:9      | Killed a death yak
  6524 | D:9      | Received a gift from Trog
  6524 | D:9      | Reached skill level 9 in Armour
  6535 | D:9      | Got a jewelled battleaxe {god gift}
  6536 | D:9      | Identified the +2 battleaxe of the Moon {venom, +Rage Str+7} (Trog gifted it to you on level 9 of the Dungeon)
  6594 | D:9      | Found a shattered altar of Ashenzari.
  6972 | Lair:1   | Entered Level 1 of the Lair of Beasts
  6985 | Lair:1   | Noticed a spiny frog
  6997 | Lair:1   | Reached skill level 10 in Armour
  6997 | Lair:1   | Gained mutation: You have a moderately thin skeletal structure. (Dex +4, Stealth+) [demonic ancestry]
  6997 | Lair:1   | Reached XP level 11. HP: 75/75 MP: 11/11
  7166 | Lair:1   | Found a labyrinth entrance.
  7194 | Lair:1   | Noticed Gastronok
  7211 | Lair:1   | Killed Gastronok
  7211 | Lair:1   | Reached skill level 5 in Fighting
  7921 | Lair:2   | Received a gift from Trog
  7925 | Lair:2   | Got a slimy quarterstaff {god gift}
  7926 | Lair:2   | Identified the +6 quarterstaff "Kegoz" {drain, Dex+2} (Trog gifted it to you on level 2 of the Lair of Beasts)
  7992 | Lair:2   | Reached XP level 12. HP: 74/91 MP: 12/12
  7997 | Lair:2   | Noticed Urug
  8002 | Lair:2   | Killed Urug
  8107 | Lair:2   | Noticed Sonja
  8130 | Lair:2   | Killed Sonja
  8457 | Lair:2   | Found a hole to the Spider Nest.
  8483 | Spider:1 | Entered Level 1 of the Spider Nest
  8497 | Spider:1 | Reached skill level 11 in Armour
  8548 | Spider:1 | Reached skill level 10 in Axes
  8724 | Spider:1 | Noticed Asterion
  8730 | Spider:1 | Noticed a blizzard demon
  8738 | Spider:1 | Killed Asterion
  9180 | Spider:1 | Reached XP level 13. HP: 81/102 MP: 13/13
  9236 | Spider:1 | Noticed an emperor scorpion
  9259 | Spider:1 | Killed an emperor scorpion
  9673 | Spider:2 | Noticed Kirke
  9678 | Spider:2 | Reached skill level 10 in Fighting
  9684 | Spider:2 | Killed Kirke
  9739 | Spider:2 | Reached skill level 12 in Armour
  9757 | Spider:2 | Received a gift from Trog
  9766 | Spider:2 | Killed a ghost moth
 10384 | Spider:2 | Noticed an entropy weaver
 10408 | Spider:2 | Killed an entropy weaver
 10437 | Spider:2 | HP: 1/104 [wolf spider (19)]
 10437 | Spider:2 | Mangled by a wolf spider

Skill      XL: |  1  2  3  4  5  6  7  8  9 10 11 12 13 |
---------------+----------------------------------------+-----
Armour         | 2 3 4 7 10 11 12 | 12.3
Dodging        | 2 3 4 6 7 10 11 | 11.6
Axes           | 3 6 7 9 10 11 | 11.2
Fighting       | 7 9 10 | 10.6

Action                   |  1- 3 |  4- 6 |  7- 9 | 10-12 | 13-15 || total
-------------------------+-------+-------+-------+-------+-------++-------
Melee: Hand axe          |   142 |    91 |       |       |       ||   233
       Headbutt          |    14 |    25 |    77 |   140 |    66 ||   322
       War axe           |       |    19 |   298 |    87 |       ||   404
       Battleaxe         |       |       |       |   240 |   146 ||   386
Invok: Trog's Hand       |     1 |     2 |     2 |     8 |     5 ||    18
       Berserk           |     1 |       |     2 |     4 |     2 ||     9
  Use: Scroll            |     8 |     7 |    13 |     8 |    11 ||    47
       Potion            |     1 |       |     3 |     8 |     4 ||    16
 Stab: Sleeping          |       |       |     1 |     3 |       ||     4
       Distracted        |       |       |       |     1 |       ||     1
  Eat: Bread ration      |     1 |     1 |     2 |     4 |     2 ||    10
       Royal jelly       |       |       |     2 |     1 |       ||     3
       Fruit             |       |       |     1 |     4 |       ||     5
Armor: Animal skin       |    17 |       |       |       |       ||    17
       Ring mail         |    33 |    39 |    76 |    76 |       ||   224
       Chain mail        |       |       |       |    88 |   117 ||   205
Dodge: Dodged            |   105 |    84 |   255 |   567 |   231 ||  1242
Block: Other             |       |       |    25 |    32 |    20 ||    77
       Reflection        |       |       |       |     2 |       ||     2
